 Dungeon Sprint DCSS version 0.19-a0-1732-g0b18a7b (webtiles) character file.

1397 Knorr the Cruncher (level 8, -1/64 HPs)
             Began as a Demonspawn Gladiator on Sept 30, 2016.
             Was an Elder of Makhleb.
             Slain by an Executioner (3 damage)
             ... summoned by the player character
             ... in the Dungeon (Sprint IX: "|||||||||||||||||||||||||||||").
             The game lasted 00:02:23 (896 turns).

Knorr the Cruncher (Demonspawn Gladiator)            Turns: 896, Time: 00:02:24

Health: -1/64      AC: 11    Str: 16    XL:     8   Next: 41%
Magic:  14/14      EV:  9    Int: 13    God:    Makhleb [****..]
Gold:   7          SH:  0    Dex: 15    Spells: 0 memorised, 7 levels left

rFire  . . .     SeeInvis .     o - +0 lajatang
rCold  . . .     Gourm    .     p - +0 plate armour
rNeg   . . .     Faith    .     (shield currently unavailable)
rPois  .         Spirit   .     (helmet restricted)
rElec  .         Dismiss  .     (no cloak)
rCorr  .         Reflect  .     (no gloves)
MR     .....     Harm     .     (no boots)
Stlth  .......... NoTele   +    (no amulet)
                                q - +2 ring of evasion
                                r - +3 ring of intelligence

@: very slightly contaminated
A: horns 2, demonic guardian 1
a: Minor Destruction, Lesser Servant of Makhleb, Major Destruction, Renounce
Religion


You were in the Dungeon.
You worshipped Makhleb.
Makhleb was greatly pleased with you.
You were not hungry.

You visited 1 branch You collected 7 gold pieces.

Inventory:

Hand Weapons
 b - the +8 mace of Ograriag {pain, rC+ MR+ Str+3 Stlth+}
   (You found it in the Dungeon)

   In the hands of one skilled in necromantic magic, it inflicts extra damage on
   living creatures.
   It affects your strength (+3).
   It protects you from cold.
   It affects your resistance to hostile enchantments.
   It makes you more stealthy.
 o - a +0 lajatang (weapon)
Missiles
 d - 3 throwing nets (quivered)
Armour
 p - a +0 plate armour (worn)
Jewellery
 q - a +2 ring of evasion (right hand)
 r - a +3 ring of intelligence (left hand)
Wands
 n - a wand of iceblast (0/15)
Scrolls
 k - a scroll of blinking
 l - 5 scrolls of remove curse
 m - 2 scrolls of amnesia
 s - 4 scrolls of enchant armour
 t - a scroll of identify
Potions
 a - 2 potions of brilliance
 c - a potion of might
 e - 6 potions of curing
 g - 5 potions of heal wounds
 h - 2 potions of haste
 i - 4 potions of magic
 j - a potion of invisibility
Comestibles
 f - a bread ration
 u - 2 chunks of flesh


   Skills:
 + Level 5.9 Fighting
 * Level 13.2 Staves
 - Level 1.7 Throwing
 + Level 2.9 Armour
 + Level 7.3 Dodging
 * Level 8.4 Invocations


You had 7 spell levels left.
You didn't know any spells.

Dungeon Overview and Level Annotations

Branches:
Dungeon (1/1)

Altars:
Cheibriados
Dithmenos
Elyvilon
Fedhas
Gozag
Hepliaklqana
Kikubaaqudgha
Makhleb
Nemelex Xobeh
Okawaru
Qazlal
Ru
Sif Muna
Trog
Uskayaw
Vehumet
Xom
Yredelemnul
Zin
The Shining One
Beogh
Jiyva
Lugonu


Innate Abilities, Weirdness & Mutations

You have a pair of horns on your head.
A weak demonic guardian rushes to your aid.


Message History

You barely miss the Executioner.
You headbutt the Executioner, but do no damage.
The Executioner hits you! The Executioner hits you.
The Executioner hits you but does no damage.
The Executioner barely misses you.
The Executioner hits you but does no damage.
The Executioner hits you.
Your plate armour prevents you from hitting the Executioner.
Your headbutt misses the Executioner. The Executioner hits you!!
* * * LOW HITPOINT WARNING * * *
The Executioner hits you but does no damage.
The Executioner hits you.
* * * LOW HITPOINT WARNING * * *
The Executioner hits you.
* * * LOW HITPOINT WARNING * * *
The Executioner hits you but does no damage.
The Executioner hits you.
* * * LOW HITPOINT WARNING * * *
The Executioner hits you.
You die...

▓▓▓▓▓▓▓▓▓▓▓▓▓▓▓▓▓▓▓▓▓▓▓▓▓▓▓▓▓▓▓▓▓
.......'........@1...÷5l..l...l't
.▓▓▓▓▓▓▓▓▓▓▓▓▓▓▓▓▓▓▓▓▓▓▓▓▓▓▓▓▓▓▓▓
.................................
▓▓▓▓▓▓▓▓▓▓▓▓▓▓▓▓▓▓▓▓▓▓▓▓▓▓▓▓▓▓▓▓▓
<...÷.....')....'________________
▓▓▓▓▓▓▓▓▓▓▓▓▓▓▓▓▓▓▓▓▓▓▓▓▓▓▓▓▓▓▓▓▓


You could see an Executioner, an iguana and a friendly iron imp.

Vanquished Creatures
  A gargoyle (D)
  A hippogriff (D)
  A yak (D)
  2 water moccasins (D)
  A porcupine (D)
  4 bullfrogs (D)
  A worker ant (D)
  An iguana (D)
  An orc wizard (D)
  2 adders (D)
  A river rat (D)
  A shadow imp (D)
  An adder skeleton (D)
  A bat zombie (D)
  A giant cockroach (D)
  A hobgoblin (D)
  A jackal (D)
  A quokka (D)
  A ball python skeleton (D)
  A bat (D)
  A frilled lizard (D)
26 creatures vanquished.

Vanquished Creatures (collateral kills)
  A black bear (D)
  An eye of draining (D)
  A quasit (D)
  A hound (D)
  An iguana (D)
5 creatures vanquished.

Grand Total: 31 creatures vanquished

Notes
Turn   | Place    | Note
-------+----------+-------------------------------------------
     0 | D        | Knorr the Demonspawn Gladiator began the quest for the Orb.
     0 | D        | Reached XP level 1. HP: 16/16 MP: 1/1
     5 | D        | Reached skill level 3 in Staves
   203 | D        | Noticed an orc wizard
   203 | D        | Noticed a worker ant
   206 | D        | Reached skill level 4 in Staves
   206 | D        | Gained mutation: You have a pair of small horns on your head. [demonic ancestry]
   206 | D        | Reached XP level 2. HP: 22/22 MP: 2/2
   210 | D        | Reached skill level 5 in Staves
   213 | D        | Reached XP level 3. HP: 28/28 MP: 3/3
   216 | D        | Reached skill level 6 in Staves
   216 | D        | Gained mutation: A weak demonic guardian rushes to your aid. [demonic ancestry]
   216 | D        | Reached XP level 4. HP: 34/34 MP: 4/4
   249 | D        | Found a roughly hewn altar of Beogh.
   249 | D        | Found a snail-covered altar of Cheibriados.
   249 | D        | Found a shadowy altar of Dithmenos.
   249 | D        | Found a white marble altar of Elyvilon.
   249 | D        | Found a blossoming altar of Fedhas.
   249 | D        | Found an opulent altar of Gozag.
   250 | D        | Found a hazy altar of Hepliaklqana.
   251 | D        | Found a viscous altar of Jiyva.
   252 | D        | Found an ancient bone altar of Kikubaaqudgha.
   253 | D        | Found a corrupted altar of Lugonu.
   254 | D        | Found a burning altar of Makhleb.
   255 | D        | Found a sparkling altar of Nemelex Xobeh.
   256 | D        | Found an iron altar of Okawaru.
   257 | D        | Found a stormy altar of Qazlal.
   258 | D        | Found a sacrificial altar of Ru.
   259 | D        | Found a deep blue altar of Sif Muna.
   260 | D        | Found a bloodstained altar of Trog.
   261 | D        | Found a hide-covered altar of Uskayaw.
   270 | D        | Found a radiant altar of Vehumet.
   271 | D        | Found a shimmering altar of Xom.
   272 | D        | Found a basalt altar of Yredelemnul.
   273 | D        | Found a glowing silver altar of Zin.
   274 | D        | Found a glowing golden altar of the Shining One.
   280 | D        | Became a worshipper of Makhleb the Destroyer
   328 | D        | Noticed a yak
   328 | D        | Noticed a bullfrog
   331 | D        | Killed a yak
   331 | D        | Reached * piety under Makhleb
   331 | D        | Reached skill level 9 in Staves
   331 | D        | Reached skill level 1 in Armour
   331 | D        | Reached skill level 5 in Dodging
   331 | D        | Reached XP level 5. HP: 42/42 MP: 4/8
   334 | D        | Reached XP level 6. HP: 48/48 MP: 4/9
   337 | D        | Reached ** piety under Makhleb
   345 | D        | Noticed a gargoyle
   364 | D        | Reached skill level 5 in Invocations
   369 | D        | Reached skill level 10 in Staves
   394 | D        | Killed a gargoyle
   394 | D        | Reached *** piety under Makhleb
   394 | D        | Reached skill level 11 in Staves
   394 | D        | Reached XP level 7. HP: 17/55 MP: 4/12
   625 | D        | Got the +8 mace of Ograriag {pain, rC+ MR+ Str+3 Stlth+}
   638 | D        | Noticed a hippogriff
   643 | D        | Reached skill level 5 in Fighting
   647 | D        | Reached **** piety under Makhleb
   647 | D        | Reached skill level 12 in Staves
   660 | D        | Killed a hippogriff
   660 | D        | Gained mutation: You have a pair of horns on your head. [demonic ancestry]
   660 | D        | Reached XP level 8. HP: 53/63 MP: 13/13
   665 | D        | Reached ***** piety under Makhleb
   679 | D        | Reached skill level 13 in Staves
   885 | D        | Noticed an eight-headed hydra
   885 | D        | Noticed a four-headed hydra
   885 | D        | Noticed a komodo dragon
   886 | D        | Noticed an Executioner
   896 | D        | HP: 3/64 [Executioner[the player character] (2)]
   896 | D        | Slain by an Executioner

Vault maps used:
D:        linesprint

Skill      XL: |  1  2  3  4  5  6  7  8 |
---------------+-------------------------+-----
Staves         | 4 5 6 9 11 12 13 | 13.2
Dodging        | 3 4 5 6 7 |  7.3
Fighting       | 3 4 5 |  5.9
Armour         | 1 2 |  2.9
Invocations    | 4 6 7 8 |  8.4
Throwing       | |  1.7

Action                   |  1- 3 |  4- 6 |  7- 9 || total
-------------------------+-------+-------+-------++-------
Melee: Quarterstaff      |    35 |       |       ||    35
       Headbutt          |     2 |     2 |     6 ||    10
       Lajatang          |       |    15 |    46 ||    61
Invok: Major Destruction |       |       |     1 ||     1
       Greater Servant o |       |       |     1 ||     1
Evoke: Wand              |       |     6 |     1 ||     7
  Use: Potion            |     1 |       |       ||     1
       Scroll            |       |       |     1 ||     1
  Eat: Chunk             |       |       |     1 ||     1
Armor: Leather armour    |     7 |       |       ||     7
       Plate armour      |       |     4 |    27 ||    31
Dodge: Dodged            |    20 |     8 |    18 ||    46
